 Dungeon Crawl Stone Soup version 0.28.0-62-gf88900778d (webtiles) character file.

Game seed: 6226337769542702469

284636 cbfl8 the Severer (level 19, -3/177 HPs)
             Began as a Minotaur Fighter on Aug 30, 2023.
             Was the Champion of Qazlal.
             Slain by a deep troll (4 damage)
             ... led by an ironbound preserver
             ... on level 2 of the Vaults on Aug 31, 2023.
             The game lasted 01:02:22 (47640 turns).

cbfl8 the Severer (Minotaur Fighter)               Turns: 47640, Time: 01:02:23

Health: -3/177     AC: 31    Str: 34    XL:     19   Next: 79%
Magic:  27/27      EV:  9    Int: 10    God:    Qazlal [******]
Gold:   5605       SH:  0    Dex: 23    Spells: 18/18 levels left

rFire   x . .      SeeInvis .   T - +6 broad axe (protect)
rCold   . . .      Faith    .   c - +1 buckler
rNeg    + . .      Spirit   .   P - +2 plate armour of Objectivity {rF- rN+ Str+2 Int+5}
rPois   +          Reflect  +   (helmet restricted)
rElec   .          Harm     .   s - +0 cloak of the Monkey's Uncle {Drain +Inv MP+9 Str+10}
rCorr   .          Rampage  .   y - +2 pair of gloves
Will    +....                   f - +1 pair of boots {Stlth+}
Stlth   ..........              i - amulet of reflection
HPRegen 0.39/turn               A - +6 ring of dexterity
MPRegen 0.20/turn               v - ring of poison resistance

@: confused, mighty, ambrosia-drunk, protected from physical damage, repel
missiles
A: horns 2, retaliatory headbutt
}: 2/15 runes: barnacled, gossamer
a: Renounce Religion, Evoke Invisibility, Upheaval, Elemental Force, Disaster
Area


You were on level 2 of the Vaults.
You worshipped Qazlal.
Qazlal was exalted by your worship.
You visited 7 branches of the dungeon, and saw 34 of its levels.
You also visited: Ice Cave.

You collected 5903 gold pieces.
You spent 298 gold pieces at shops.

Inventory:

Hand Weapons
 M - the +12 war axe of the Heavens {holy, Int+6}
   (You found it in an ice cave)

   It has been blessed by the Shining One to cause great damage to the undead
   and demons.
   Int:       It affects your intelligence (+6).
 T - a +6 broad axe of protection (weapon)
Missiles
 x - 7 throwing nets
Armour
 c - a +1 buckler (worn)
 f - a +1 pair of boots of stealth (worn)
 s - the +0 cloak of the Monkey's Uncle (worn) {Drain +Inv MP+9 Str+10}
   (You acquired it on level 1 of the Lair of Beasts)

   Str:       It affects your strength (+10).
   MP:        It affects your magic capacity (+9).
   +Inv:      It lets you turn invisible.
   Drain:     It drains your maximum health when unequipped.
 y - a +2 pair of gloves (worn)
 P - the +2 plate armour of Objectivity (worn) {rF- rN+ Str+2 Int+5}
   (You found it in an ice cave)

   Str:       It affects your strength (+2).
   Int:       It affects your intelligence (+5).
   rF:        It makes you vulnerable to fire.
   rN:        It protects you from negative energy.
Jewellery
 i - an amulet of reflection (around neck)
 v - a ring of poison resistance (right hand)
 A - a +6 ring of dexterity (left hand)
Wands
 n - a wand of charming (11) (quivered)
 B - a wand of flame (68)
 G - a wand of iceblast (15)
 I - a wand of polymorph (10)
 O - a wand of acid (1)
 Q - a wand of digging (4)
Scrolls
 e - 2 scrolls of noise
 h - a scroll of blinking
 j - 7 scrolls of enchant armour
 k - a scroll of summoning
 m - 2 scrolls of immolation
 p - 2 scrolls of fear
 t - 3 scrolls of magic mapping
 w - 7 scrolls of teleportation
 L - 3 scrolls of fog
 S - 8 scrolls of identify
Potions
 a - 5 potions of ambrosia
 d - 4 potions of might
 g - 4 potions of mutation
 l - 11 potions of flight
 q - a potion of haste
 z - 3 potions of resistance
 E - 4 potions of cancellation
 F - a potion of lignification
 K - 3 potions of invisibility
Miscellaneous
 b - a tin of tremorstones (2/2)
 r - a lightning rod (4/4)
 u - a condenser vane
 C - a piece from Xom's chessboard (15/15)


   Skills:
 + Level 17.5 Fighting
 + Level 20.0 Axes
 + Level 1.2 Throwing
 + Level 17.3 Armour
 * Level 9.6 Stealth
 + Level 18.6 Shields
 * Level 14.2 Evocations


You had 18 spell levels left.
You didn't know any spells.
Your spell library contained the following spells:

 Spells                   Type           Power      Damage    Failure   Level
 Animate Skeleton         Necr           0%         N/A       86%         1
 Apportation              Tloc           0%         N/A       86%         1
 Foxfire                  Conj/Fire      0%         2x1d4     86%         1
 Pain                     Necr           0%         1d4       86%         1
 Sandblast                Erth           0%         2d4       86%         1
 Summon Small Mammal      Summ           0%         N/A       86%         1
 Blink                    Tloc           0%         N/A       94%         2
 Corpse Rot               Necr/Air       0%         N/A       94%         2
 Passwall                 Tmut/Erth      0%         N/A       94%         2
 Scorch                   Fire           0%         2d5       94%         2
 Static Discharge         Conj/Air       0%         N/A       94%         2
 Call Canine Familiar     Summ           0%         N/A       99%         3
 Conjure Flame            Conj/Fire      0%         6-21      99%         3
 Gell's Gravitas          Tloc           0%         N/A       99%         3
 Ignite Poison            Fire/Tmut/Pois 0%         N/A       99%         3
 Inner Flame              Hex/Fire       0%         N/A       99%         3
 Lesser Beckoning         Tloc           0%         N/A       99%         3
 Mephitic Cloud           Conj/Pois/Air  0%         N/A       99%         3
 Stone Arrow              Conj/Erth      0%         3d7       99%         3
 Summon Guardian Golem    Hex/Summ       0%         N/A       99%         3
 Teleport Other           Tloc           0%         N/A       99%         3
 Vampiric Draining        Necr           0%         2d6       99%         3
 Dispel Undead            Necr           0%         3d6       100%        4
 Flame Wave               Conj/Fire      0%         2d4       100%        4
 Leda's Liquefaction      Hex/Erth       0%         N/A       100%        4
 Passage of Golubria      Tloc           0%         N/A       100%        4
 Petrify                  Tmut/Erth      0%         N/A       100%        4
 Sticky Flame             Conj/Fire      0%         2d3       100%        4
 Summon Ice Beast         Ice/Summ       0%         N/A       100%        4
 Alistair's Intoxication  Tmut/Pois      0%         N/A       100%        5
 Borgnjor's Vile Clutch   Necr/Erth      0%         N/A       100%        5
 Freezing Cloud           Conj/Ice/Air   0%         6-21      100%        5
 Lee's Rapid Deconstruct  Erth           0%         3d5*      100%        5
 Manifold Assault         Tloc           0%         N/A       100%        5
 Metabolic Englaciation   Hex/Ice        0%         N/A       100%        5
 Silence                  Hex/Air        0%         N/A       100%        5
 Summon Forest            Summ/Tloc      0%         N/A       100%        5
 Summon Mana Viper        Hex/Summ       0%         N/A       100%        5
 Death Channel            Necr           0%         N/A       100%        6
 Dispersal                Tloc           0%         N/A       100%        6
 Eringya's Noxious Bog    Tmut/Pois      0%         N/A       100%        6
 Statue Form              Tmut/Erth      0%         N/A       100%        6
 Summon Cactus Giant      Summ           0%         N/A       100%        6
 Monstrous Menagerie      Summ           0%         N/A       100%        7
 Summon Hydra             Summ           0%         N/A       100%        7
 Lehudib's Crystal Spear  Conj/Erth      0%         10d2      100%        8


Dungeon Overview and Level Annotations

Branches:
Dungeon (15/15)            Temple (1/1) D:7            Lair (6/6) D:11
 Shoals (4/4) Lair:2       Spider (4/4) Lair:4        Slime (0/5) Lair:6
    Orc (2/2) D:11            Elf (0/3) Orc:2        Vaults (1/5) D:13
 Depths (0/4) D:15          IceCv (visited)

Altars:
Ashenzari
Cheibriados
Dithmenos
Elyvilon
Fedhas
Gozag
Hepliaklqana
Kikubaaqudgha
Makhleb
Nemelex Xobeh
Okawaru
Qazlal
Ru
Sif Muna
Trog
Uskayaw
Vehumet
Wu Jian
Xom
Yredelemnul
Zin
Beogh
Jiyva

Shops:
D:5 :   D:6 :   D:8 ==:**   Orc:1 :   Orc:2 *((?   Shoals:3 (

Annotations:
D:14 3 runed translucent doors, cbfl8's ghost, journeyman MiFi


Innate Abilities, Weirdness & Mutations

You have a pair of horns on your head.
You reflexively headbutt those who attack you in melee.


Message History

The dire elephant is almost dead.
You block the dire elephant's attack. x2
You slash the dire elephant!
You kill the dire elephant!
Qazlal accepts your kill.
You hear a shout!
As you read the scroll of teleportation, it crumbles to dust.
You feel strangely unstable.
The deep troll is engulfed in blazing flames.
You block the dire elephant's attack. x2
You hear a shout!
Your surroundings suddenly seem different.
An ironbound preserver and 4 deep trolls come into view.
The deep troll shouts!
You hear a shout! x2
The ironbound preserver mumbles some strange words.
The ironbound preserver begins to accept its allies' injuries.
You block the deep troll's attack. The deep troll claws you.
* * * LOW HITPOINT WARNING * * *
You block the deep troll's attack.
You feel very mighty all of a sudden.
You block the ironbound preserver's attack.
You block the deep troll's attack. x2; The deep troll claws you!
* * * LOW HITPOINT WARNING * * *
The deep troll bites you but does no damage.
The deep troll claws you but does no damage.
The deep troll claws you!
* * * LOW HITPOINT WARNING * * *
You are confused.
You feel invigorated.
The ironbound preserver hits you with a +0 flail!
* * * LOW HITPOINT WARNING * * *
The deep troll bites you!!
* * * LOW HITPOINT WARNING * * *
The deep troll claws you but does no damage. x2
The deep troll bites you!
* * * LOW HITPOINT WARNING * * *
You feel more protected from physical attacks.
The deep troll claws you but does no damage.
The deep troll claws you.
You die...

. #......# #
#......# ####
#......# #.#T
#......# #.#T
#......# #T#
#..§...# ##Y#
#.○.○°☼# #...
#..☼@T.# #...
#..pTT.# ####
#.○.T○....
.............
...............
#########+#####


You could see an ironbound preserver and 4 deep trolls.

Vanquished Creatures
  Bai Suzhen (Spider:4)
  Saint Roka (Orc:1)
  Ilsuiw (Shoals:4)
  Roxanne (Spider:4)
  Agnes (Spider:3)
  A frost giant (Shoals:3)
  A vault warden (Vaults:1)
  6 ghost moths
  7 emperor scorpions
  2 ironbound preservers
  A stone giant (D:15)
  5 broodmothers
  3 entropy weavers
  5 spark wasps
  3 dire elephants
  10 merfolk impalers
  2 spectral krakens (Shoals:2)
  4 merfolk javelineers (Shoals:4)
  A deep elf high priest (Vaults:2)
  2 vault guards (Vaults:1)
  A rakshasa (D:15)
  7 boulder beetles
  A great orb of eyes (D:14)
  Erolcha (D:9)
  3 jorogumos
  5 merfolk avatars
  2 ghost crabs (Shoals:2)
  2 radroaches
  10 hydras
  An ogre mage (D:15)
  3 ironbound frosthearts (Vaults:1)
  3 catoblepae
  5 satyrs
  An alligator snapping turtle (Shoals:3)
  4 merfolk aquamancers
  9 centaur warriors
  5 death scarabs (Spider:4)
  3 tengu warriors
  A vampire mage (D:15)
  7 two-headed ogres
  A spectral emperor scorpion (Spider:4)
  Sonja (Lair:5)
  4 steelbarb worms
  3 sun moths
  8 pharaoh ants
  4 deep trolls
  9 sea snakes
  4 skeletal warriors
  6 orb spiders
  Pikel (D:5)
  4 wizards
  4 orc knights
  14 harpies
  2 ironbound convokers
  2 deep elf zephyrmancers (D:15)
  2 lindwurms (Vaults:2)
  A spectral wolf spider (Spider:4)
  6 moths of wrath
  14 ugly things
  An orc sorcerer (Orc:1)
  14 wolf spiders
  11 manticores
  4 deep elf pyromancers
  7 cyclopes
  3 oklob plants
  18 elephants (Lair:5)
  14 merfolk sirens
  4 fauns (Shoals:4)
  Joseph (D:9)
  5 water nymphs
  3 ice statues (IceCv)
  7 torpor snails
  2 black mambas
  2 vault sentinels
  14 cane toads
  A gargoyle (D:10)
  An unseen horror (D:10)
  A spectral redback (Spider:4)
  6 rime drakes
  Maggie (D:8)
  17 demonic crawlers
  A spectral merfolk (Shoals:2)
  5 yaktaurs
  3 freezing wraiths
  A redback zombie (Spider:4)
  An entropy weaver simulacrum (IceCv)
  A tengu conjurer (D:14)
  4 komodo dragons
  An anaconda simulacrum (IceCv)
  26 merfolk
  2 spectral water nymphs (Shoals:2)
  3 meliai (Spider:3)
  7 trolls
  5 polar bears
  13 slime creatures
  A spectral jumping spider (Spider:4)
  3 wind drakes
  4 spectral culicivoras (Spider:4)
  4 tyrant leeches (Lair:6)
  A culicivora zombie (Spider:4)
  A tarantella zombie (Spider:4)
  24 blink frogs
  3 jumping spider zombies (Spider:4)
  4 dream sheep (Shoals:1)
  4 spectral tarantellas (Spider:4)
  28 tarantellas
  11 snapping turtles
  22 jumping spiders
  2 centaur simulacra (D:14)
  4 shadows
  Sigmund (D:2)
  A vampire (D:13)
  31 culicivoras
  6 water elementals
  2 wraiths
  36 yaks
  4 wyverns
  21 vampire mosquitoes
  2 steam dragons
  4 basilisks
  59 redbacks
  Edmund (D:6)
  Menkaure (D:6)
  2 wargs
  A harpy simulacrum (IceCv)
  A spectral snapping turtle (Shoals:2)
  2 acid dragons
  14 water moccasins
  An ice beast (D:6)
  6 black bears
  42 orc warriors
  A sky beast (D:6)
  A necrophage (D:4)
  30 wolves
  11 ogres
  25 centaurs
  6 boggarts
  2 phantoms
  A kobold brigand (D:10)
  2 lemures (D:5)
  A gnoll sergeant (D:9)
  21 bullfrogs
  3 scorpions
  A killer bee (shapeshifter) (D:10)
  2 troll zombies (D:11)
  4 elephant simulacra (IceCv)
  12 killer bees
  13 wights
  An electric eel (Lair:6)
  7 howler monkeys
  7 centaur zombies
  2 jellies (D:6)
  3 bullfrog skeletons
  6 hounds
  2 gnoll shamans
  10 orc priests
  7 iguanas
  Terence (D:3)
  Natasha (twice) (D:4)
  A scorpion zombie (D:5)
  11 orc wizards
  A polar bear simulacrum (IceCv)
  6 ogre zombies (D:11)
  2 hound skeletons (D:4)
  2 howler monkey zombies
  4 adders
  10 gnolls
  A howler monkey skeleton (D:6)
  A shadow imp (D:6)
  A white imp (D:6)
  3 ufetubi
  A worm (D:3)
  3 dart slugs
  94 orcs
  6 ball pythons
  7 bats
  9 endoplasms
  3 giant cockroaches
  4 hobgoblins
  4 kobolds
  2 quokkas
  6 frilled lizards
  5 goblins (D:1)
  A goblin skeleton (D:11)
  4 goblin zombies (D:11)
  2 hobgoblin zombies (D:11)
  6 orc skeletons (D:11)
  12 orc zombies (D:11)
  6 rats (D:1)
  A bush (Shoals:3)
  2 tentacles (Shoals:2)
1191 creatures vanquished.

Vanquished Creatures (others)
  A manticore (Shoals:4)
  2 redbacks
  25 fungi
  174 plants
  7 tentacles (Shoals:2)
  7 withered plants (Shoals:2)
216 creatures vanquished.

Grand Total: 1407 creatures vanquished

Notes
Turn   | Place    | Note
-------+----------+-------------------------------------------
     0 | D:1      | cbfl8 the Minotaur Fighter began the quest for the Orb.
     0 | D:1      | Reached XP level 1. HP: 19/19 MP: 0/0
   297 | D:1      | Reached XP level 2. HP: 27/27 MP: 1/1
   310 | D:1      | Found a faded altar of an unknown god.
   412 | D:1      | Prayed at the altar of an unknown god.
   412 | D:1      | Became a worshipper of Vehumet
   412 | D:1      | Reached * piety under Vehumet
   412 | D:1      | Offered knowledge of Shock by Vehumet.
   531 | D:1      | Fell from the grace of Vehumet
   839 | D:1      | Reached XP level 3. HP: 33/33 MP: 2/2
   998 | D:1      | Reached skill level 1 in Evocations
  1254 | D:2      | Reached skill level 3 in Axes
  1285 | D:2      | Noticed Sigmund
  1301 | D:2      | Killed Sigmund
  1302 | D:2      | Reached skill level 4 in Axes
  1302 | D:2      | Reached XP level 4. HP: 21/40 MP: 3/3
  1302 | D:2      | Reached XP level 5. HP: 24/46 MP: 4/4
  2850 | D:3      | Noticed Terence
  2864 | D:3      | Killed Terence
  2995 | D:3      | Reached skill level 5 in Axes
  2995 | D:3      | Reached XP level 6. HP: 47/53 MP: 5/5
  3596 | D:4      | Reached skill level 5 in Armour
  3768 | D:4      | Found a broken altar of Ashenzari.
  4228 | D:4      | Reached skill level 6 in Axes
  4228 | D:4      | Reached XP level 7. HP: 49/60 MP: 6/6
  4325 | D:4      | Noticed Natasha
  4333 | D:4      | Killed Natasha
  4511 | D:4      | Noticed Natasha
  4521 | D:4      | Killed Natasha
  4579 | D:4      | Reached skill level 5 in Fighting
  4969 | D:5      | Entered Level 5 of the Dungeon
  5027 | D:5      | Reached skill level 7 in Axes
  5207 | D:5      | Reached XP level 8. HP: 68/68 MP: 7/7
  5477 | D:5      | Reached skill level 8 in Axes
  5683 | D:5      | Reached skill level 5 in Shields
  5829 | D:5      | Found Pikkinlu's Book Boutique.
  6534 | D:6      | Noticed Pikel
  6863 | D:5      | Killed Pikel
  6864 | D:5      | Reached skill level 9 in Axes
  6864 | D:5      | Reached XP level 9. HP: 34/75 MP: 8/8
  6992 | D:5      | Was forgiven by Vehumet
  7303 | D:6      | Noticed a cyclops
  7598 | D:5      | Reached skill level 5 in Evocations
  7808 | D:6      | Killed a cyclops
  7917 | D:6      | Reached skill level 10 in Axes
  8015 | D:6      | Noticed Edmund
  8032 | D:6      | Killed Edmund
  8056 | D:6      | Noticed Menkaure
  8060 | D:6      | Killed Menkaure
  8416 | D:6      | Found Byck's Book Shoppe.
  8599 | D:7      | Reached XP level 10. HP: 86/86 MP: 9/9
  8721 | D:7      | Found a staircase to the Ecumenical Temple.
  8863 | Temple   | Entered the Ecumenical Temple
  8972 | Temple   | Became a worshipper of Qazlal Stormbringer
  9650 | D:8      | Found Xuen's General Store.
  9654 | D:8      | Reached skill level 11 in Axes
  9664 | D:8      | Bought 2 potions of heal wounds for 130 gold pieces
  9722 | D:8      | Reached * piety under Qazlal
  9792 | D:8      | Found Wankaeru's General Store.
  9798 | D:8      | Bought a scroll of identify for 28 gold pieces
  9798 | D:8      | Bought a scroll of teleportation for 42 gold pieces
  9991 | D:8      | Found Bicwon's Jewellery Boutique.
 10142 | D:8      | Noticed a boulder beetle
 10166 | D:8      | Killed a boulder beetle
 10478 | D:8      | Found Riohisi's Book Shoppe.
 10575 | D:8      | Noticed Maggie
 10584 | D:8      | Killed Maggie
 10746 | D:8      | Found Ytad's One-of-a-Kind Rings.
 11030 | D:9      | Reached skill level 12 in Axes
 11032 | D:9      | Noticed Joseph
 11037 | D:9      | Reached skill level 10 in Armour
 11039 | D:9      | Killed Joseph
 11275 | D:9      | Noticed a two-headed ogre
 11283 | D:9      | Killed a two-headed ogre
 11579 | D:9      | Noticed Erolcha
 11583 | D:9      | Reached XP level 11. HP: 81/94 MP: 10/10
 11593 | D:9      | Killed Erolcha
 12387 | D:10     | Entered Level 10 of the Dungeon
 12400 | D:10     | Reached ** piety under Qazlal
 12529 | D:10     | Reached skill level 13 in Axes
 13210 | D:10     | Noticed a cyan ugly thing
 13215 | D:10     | Killed a cyan ugly thing
 13394 | D:11     | Found a staircase to the Orcish Mines.
 13394 | D:11     | You fall into a shaft and drop 1 floor!
 13600 | D:11     | Found a staircase to the Lair.
 13663 | D:11     | Reached *** piety under Qazlal
 14039 | D:11     | Reached skill level 14 in Axes
 14332 | D:11     | Reached XP level 12. HP: 99/106 MP: 11/11
 14653 | D:12     | Noticed a boulder beetle
 14672 | D:12     | Killed a boulder beetle
 14673 | D:12     | Reached skill level 10 in Fighting
 14900 | D:11     | Reached **** piety under Qazlal
 15947 | D:12     | Noticed a catoblepas
 15947 | D:12     | Noticed a two-headed ogre
 15954 | D:12     | Killed a catoblepas
 15962 | D:12     | Killed a two-headed ogre
 16288 | D:12     | Noticed a boulder beetle
 16319 | D:12     | Killed a boulder beetle
 16405 | D:12     | Noticed a boulder beetle
 16429 | D:12     | Killed a boulder beetle
 16430 | D:12     | Reached skill level 15 in Axes
 16511 | D:12     | Noticed an eight-headed hydra
 16518 | D:12     | an eight-headed hydra changed into a water nymph
 16607 | D:12     | Noticed a boulder beetle
 16628 | D:12     | Killed a boulder beetle
 17220 | D:13     | Found a frozen archway.
 17275 | IceCv    | Entered an ice cave
 17328 | IceCv    | Reached XP level 13. HP: 116/116 MP: 12/12
 17415 | IceCv    | Identified the +12 war axe of the Heavens {holy, Int+6}
 17424 | IceCv    | Identified the +2 plate armour of Objectivity {rF- rN+
                  | Str+2 Int+5}
 17627 | D:13     | Reached skill level 16 in Axes
 17663 | D:13     | Found a gate to the Vaults.
 17845 | D:13     | Reached ***** piety under Qazlal
 18331 | D:14     | Paralysed by a great orb of eyes for 5 turns
 18381 | D:14     | Reached skill level 10 in Shields
 18471 | D:14     | Identified the +4 dagger of Jymofa {holy, Fragile Int+3
                  | Dex+4}
 18486 | D:14     | Reached skill level 10 in Evocations
 18872 | D:14     | Found a runed translucent gate.
 18873 | D:14     | Found a runed translucent gate.
 18873 | D:14     | Found an ancient bone altar of Kikubaaqudgha.
 18874 | D:14     | Found a runed translucent gate.
 18874 | D:14     | Noticed a lich
 18874 | D:14     | Noticed a lich
 18874 | D:14     | Noticed cbfl8's ghost (journeyman MiFi)
 18875 | D:14     | Noticed a lich
 18875 | D:14     | Noticed a lich
 19337 | D:15     | Entered Level 15 of the Dungeon
 19344 | D:15     | Reached XP level 14. HP: 127/127 MP: 13/13
 19849 | D:15     | Found a staircase to the Depths.
 19849 | D:15     | Noticed a stone giant
 19861 | D:15     | Killed a stone giant
 20241 | D:15     | Found the +12 glaive of Prune {vorpal}
 20422 | Lair:1   | Entered Level 1 of the Lair of Beasts
 20517 | Lair:1   | Reached skill level 17 in Axes
 21330 | Lair:1   | Identified a scroll of acquirement
 21332 | Lair:1   | Acquired the +0 cloak of the Monkey's Uncle {Drain +Inv
                  | MP+9 Str+10}
 21600 | Lair:2   | Found a staircase to the Shoals.
 21874 | Lair:2   | Reached skill level 1 in Stealth
 22295 | Lair:3   | Reached ****** piety under Qazlal
 22863 | Lair:3   | Identified the +2 trident "Wyezumok" {protect, Dex+2}
 23642 | Lair:4   | Found a glowing silver altar of Zin.
 24109 | Lair:4   | Found a hole to the Spider Nest.
 24371 | Lair:5   | Reached XP level 15. HP: 136/136 MP: 14/14
 24406 | Lair:5   | Noticed Sonja
 24428 | Lair:5   | Killed Sonja
 24497 | Lair:5   | Reached skill level 15 in Armour
 25251 | Lair:6   | Entered Level 6 of the Lair of Beasts
 25465 | Lair:6   | Reached skill level 18 in Axes
 25527 | Lair:6   | Found a viscous altar of Jiyva.
 25527 | Lair:6   | Found a staircase to the Slime Pits.
 25786 | Lair:6   | Identified the +7 scimitar of Ugaducsoiga {flame, rElec
                  | Int+6 Dex-2 SInv}
 26336 | Orc:1    | Entered Level 1 of the Orcish Mines
 26491 | Orc:2    | Entered Level 2 of the Orcish Mines
 26506 | Orc:2    | Noticed Saint Roka
 26750 | Orc:1    | Killed Saint Roka
 27103 | Orc:2    | Found a staircase to the Elven Halls.
 27565 | Orc:2    | Found Zympud's Weapon Emporium.
 27565 | Orc:2    | Found Wavauhen's Weapon Boutique.
 27567 | Orc:2    | Found Nywiwovy's General Store.
 27569 | Orc:2    | Found Pimpoa's Magic Scroll Shoppe.
 27576 | Orc:2    | Bought a potion of curing for 42 gold pieces
 27581 | Orc:2    | Bought a scroll of identify for 28 gold pieces
 27581 | Orc:2    | Bought a scroll of identify for 28 gold pieces
 27654 | Orc:1    | Found Daupruph's Book Emporium.
 27887 | Shoals:1 | Entered Level 1 of the Shoals
 28073 | Shoals:1 | Reached skill level 5 in Stealth
 28108 | Shoals:1 | Reached XP level 16. HP: 147/147 MP: 15/15
 29075 | Shoals:2 | Reached skill level 15 in Fighting
 29630 | Shoals:3 | Reached skill level 15 in Shields
 29737 | Shoals:3 | Found Ypiczyst's Antique Weapon Shoppe.
 30562 | Spider:1 | Entered Level 1 of the Spider Nest
 31788 | Spider:2 | Reached XP level 17. HP: 114/156 MP: 16/16
 32450 | Spider:2 | Reached skill level 19 in Axes
 33015 | Spider:2 | Acquired 1049 gold pieces
 33017 | Spider:2 | Acquired an amulet of reflection
 35783 | Spider:4 | Entered Level 4 of the Spider Nest
 36201 | Shoals:4 | Entered Level 4 of the Shoals
 36204 | Shoals:4 | Noticed Ilsuiw
 36845 | Shoals:4 | Killed Ilsuiw
 36933 | Shoals:4 | Identified the +7 war axe "Icovycug" {drain, *Corrode rPois
                  | rC+}
 41188 | Shoals:4 | Reached XP level 18. HP: 154/168 MP: 17/17
 42469 | Shoals:4 | Got a barnacled rune of Zot
 42834 | Spider:4 | Noticed Agnes
 43382 | Spider:3 | Killed Agnes
 44312 | Spider:4 | Noticed Bai Suzhen
 44330 | Spider:4 | Killed Bai Suzhen
 44997 | Spider:4 | Reached skill level 1 in Throwing
 44997 | Spider:4 | Reached XP level 19. HP: 177/177 MP: 18/18
 45001 | Spider:4 | Noticed Roxanne
 45025 | Spider:4 | Killed Roxanne
 46268 | Spider:4 | Got a gossamer rune of Zot
 46698 | Vaults:1 | Entered Level 1 of the Vaults
 47596 | Vaults:1 | You fall into a shaft and drop 1 floor!
 47625 | Vaults:2 | Reached skill level 20 in Axes
 47640 | Vaults:2 | HP: 1/177 [deep troll[an ironbound preserver] (9)]
 47640 | Vaults:2 | Slain by a deep troll

Illustrated notes

Levels and vault maps discovered:
D:1:      roderic_chinese_lattice_arrival, layout_basic, basic_ecumenical_altar,
          minmay_misc_feat_secret_circle
D:2:      layout_loops_ring, uniq_sigmund
D:3:      layout_basic, serial_co_window_serial, co_window_paths_a,
          co_window_paths_a, co_window_cross_1, co_window_of_opportunity_a,
          co_window_paths_a, co_window_broadway_b, co_window_of_opportunity_b,
          co_window_corner_b, co_window_unsneaky_path_c, co_window_corner_b,
          co_window_4corner_a, glass_columns_a, glass_columns_a,
          glass_columns_b, glass_columns_b, glass_columns_b,
          nrook_loot_triangle, chequers_decorated_corner, minmay_cupped,
          uniq_terence
D:4:      layout_layer_cave, mainiacjoe_overflow_surrounded_room,
          lemuel_old_faithful, uniq_natasha
D:5:      layout_rooms, serial_shops, nicolae_take_the_stairs, minivault_23
D:6:      hangedman_cross_stitches, layout_loops_ring, serial_shops,
          kennysheep_little_box, uniq_pikel, uniq_edmund, uniq_menkaure
D:7:      layout_loops_corners, minmay_temple_entry_nine_rooms
D:8:      layout_basic, special_room [special_room_orc], serial_shops,
          nicolae_square_shop, shop_statue, kennysheep_mini, nicolae_shop_stone,
          nicolae_shop_unique_rings, feat_on_display, uniq_maggie
D:9:      layout_loops_corners, palyth_stone_intersect, minmay_misc_feat_plants,
          uniq_erolcha, uniq_joseph
D:10:     minmay_slanted_spiral_squares, layout_gridville
D:11:     layout_roguey, lair_entry_dummy, zombieorc2_lemuel,
          minmay_misc_feat_room
D:12:     layout_stronghold, minmay_crystal_water, roderic_serpentine_path
D:13:     layout_stronghold, david_vaults_1,
          portal_ice_cave_entry_animals_and_master
D:14:     layout_loops_ring, kennysheep_cross_landing, gammafunk_ghost_crypt
D:15:     grunt_enter_depths_snipers, layout_rooms, enter_trove_3,
          corexii_hall_statues_s, minmay_guarded_unrand_prune
Temple:   mainiacjoe_temple_circle_huts
Lair:1:   layout_cave_pods, beast_lair_carwin_6, lemuel_fruit_tree,
          grunt_megastairs_1
Lair:2:   layout_hall_layers, elwin_shoals_entry_stream, grunt_megastairs_4
Lair:3:   layout_layer_cave, minmay_lair_oklob_items, serial_bayou_pond_d
Lair:4:   layout_roguey, hellmonk_spider_entry_life_and_decay, basic_altar,
          grunt_megastairs_3, lemuel_fruit_fields, infiniplex_staircase_pool
Lair:5:   beast_lair_carwin_large_4, layout_loops_ring, st_stairs_7,
          serial_bayou_pond_a, grunt_megastairs_2, uniq_sonja
Lair:6:   minmay_lair_end_frog_pond, layout_loops_ring,
          dpeg_slime_entry_enclosed_altar
Shoals:1: layout_shoals, nicolae_shoals_this_corrosion
Shoals:2: layout_shoals, nicolae_shoals_spectral_cove
Shoals:3: layout_shoals, serial_shops, nicolae_shop_crystal, yaktaur_hedge
Shoals:4: shoals_end_grunt_ice, layout_shoals, shoal_ilsuiw
Spider:1: layout_cave_pods
Spider:2: layout_spider_delve
Spider:3: nicolae_orb_stairs_large, worms_lemuel
Spider:4: floodkiller_spider_rune_tomb, uniq_bai_suzhen, uniq_agnes,
          uniq_roxanne
Orc:1:    layout_diamond_mine, serial_shops, nicolae_shop_trees, mines2_david
Orc:2:    st_orc_rangers, layout_caves, nicolae_orc_lava_room, uniq_saint_roka
Vaults:1: v_misc_22, ontoclasm_vaults_claustrophobia, vaults_mumra_chevron_long,
          nicolae_vaults_specimen_jars, ontoclasm_vaults_chip, v_misc_2,
          v_misc_22, v_misc_4, vaults_mumra_hexcomb, vaults_room_pools,
          ontoclasm_vaults_shuriken, layout_vaults_omnicross
Vaults:2: vaults_dpeg_cross, grunt_vaults_twisty, vaults_room_door_hall,
          ontoclasm_vaults_fault, ontoclasm_vaults_decontamination,
          vaults_mumra_chevron, vaults_room_octagon, hangedman_vaults_trim,
          v_misc_32, minmay_crypt_entry_simple_box, vaults_dpeg_encased_lava,
          layout_vaults_omnigrid

Skill      XL: |  1  2  3  4  5  6  7  8  9 10 11 12 13 14 15 16 17 18 19 |
---------------+----------------------------------------------------------+-----
Fighting       | 4 5 6 7 8 9 11 12 13 14 15 16 17 | 17.5
Evocations     | 1 2 3 4 5 6 8 9 10 11 12 13 14 | 14.2
Axes           | 4 5 6 7 9 10 12 14 15 16 17 18 19 20 | 20.0
Armour         | 4 5 6 7 9 10 11 12 13 14 15 16 17 | 17.3
Shields        | 4 5 6 7 9 10 12 14 15 17 18 | 18.6
Stealth        | 2 5 6 8 9 |  9.6
Throwing       | 1 |  1.2

Action                   |  1- 3 |  4- 6 |  7- 9 | 10-12 | 13-15 | 16-18 | 19-21 || total
-------------------------+-------+-------+-------+-------+-------+-------+-------++-------
Melee: War axe           |    60 |   107 |   254 |   651 |   833 |       |       ||  1905
       Headbutt          |     8 |    20 |    71 |   159 |   244 |   268 |    93 ||   863
       Broad axe         |       |       |       |       |   138 |  1116 |   309 ||  1563
Invok: Renounce Religion |     1 |       |       |       |       |       |       ||     1
Evoke: Wand              |       |       |     6 |     5 |     8 |    39 |       ||    58
       Piece from Xom's  |       |       |       |       |       |     1 |       ||     1
  Use: Scroll            |       |     1 |     5 |    11 |    21 |    29 |     2 ||    69
       Potion            |       |       |       |       |     4 |    22 |     2 ||    28
 Stab: Paralysed         |       |       |     6 |       |       |     1 |       ||     7
       Distracted        |       |       |       |       |       |     1 |       ||     1
Armor: Scale mail        |    20 |    22 |       |       |       |       |       ||    42
       Chain mail        |       |    33 |   154 |    25 |       |       |       ||   212
       Plate armour      |       |       |       |   295 |   494 |   834 |   200 ||  1823
Dodge: Dodged            |    35 |    38 |   109 |   113 |   265 |   334 |    62 ||   956
       Repelled          |       |       |       |       |     7 |    15 |       ||    22
Block: Buckler           |    11 |    27 |    68 |   288 |   866 |  1380 |   334 ||  2974
       Reflection        |       |       |       |       |       |    43 |     7 ||    50
